 Dungeon Crawl Stone Soup version 0.31-a0-219-g8d62b2e7bb (webtiles) character file.

Game seed: 7621474706385366247

2054 Demosthentine the Trooper (level 9, -1/62 HPs)
             Began as a Demonspawn Gladiator on July 3, 2023.
             Was a Follower of Hepliaklqana.
             Slain by a gnoll sergeant
             ... wielding a +4 spear of venom
              (14 damage)
             ... on level 7 of the Dungeon.
             The game lasted 00:05:26 (5822 turns).

Demosthentine the Trooper (Demonspawn Gladiator)    Turns: 5822, Time: 00:05:27

Health: -1/62      AC:  5    Str: 16    XL:     9   Next: 5%
Magic:  9/9        EV: 15    Int: 11    God:    Hepliaklqana [*.....]
Gold:   336        SH:  0    Dex: 20    Spells: 8/8 levels left

rFire   . . .        a - +1 trident (heavy)
rCold   . . .        (no shield)
rNeg    . . .        b - +0 leather armour
rPois   .            c - +1 helmet
rElec   .            (no cloak)
rCorr   .            (no gloves)
SInv    .            (no boots)
Will    .....        (no amulet)
Stlth   +++          (no ring)
HPRegen 0.30/turn    (no ring)
MPRegen 0.11/turn

%: no passive effects
@: lethally poisoned (-1 -> -18)
A: reduced essence, thin skeletal structure 2, powered by death 3, weakness
stinger 2
a: Renounce Religion, Recall Ancestor, Ancestor Identity


You were on level 7 of the Dungeon.
You worshipped Hepliaklqana.
Hepliaklqana was aware of your devotion.
You visited 2 branches of the dungeon, and saw 8 of its levels.

You collected 336 gold pieces.

Inventory:

Hand Weapons
 a - a +1 heavy trident (weapon)
Missiles
 d - 2 throwing nets (quivered)
 e - 5 javelins
 j - 4 boomerangs
 k - 23 poisoned darts
Armour
 b - a +0 leather armour (worn)
 c - a +1 helmet (worn)
Wands
 f - a wand of charming (3)
 o - a wand of mindburst (13)
 p - a wand of flame (32)
Potions
 g - a potion of invisibility
 h - 2 potions of heal wounds
 i - 2 potions of brilliance
 m - 3 potions of lignification {unknown}


   Skills:
 + Level 6.2 Fighting
 + Level 6.0 Polearms
 - Level 1.7 Throwing
 + Level 5.2 Armour
 + Level 6.0 Dodging


You had 8 spell levels left.
You didn't know any spells.
Your spell library contained the following spells:

 Spells                   Type           Power      Damage    Failure   Level
 Sandblast                Erth           0%         2d4       38%         1
 Blink                    Tloc           0%         N/A       54%         2
 Passwall                 Tmut/Erth      0%         N/A       54%         2
 Sublimation of Blood     Necr           0%         N/A       54%         2
 Wereblood                Tmut           0%         N/A       54%         2
 Dazzling Flash           Conj/Hex       0%         N/A       77%         3
 Ozocubu's Armour         Ice            0%         N/A       77%         3
 Stone Arrow              Conj/Erth      0%         3d7       77%         3
 Volatile Blastmotes      Fire/Tloc      0%         2d10      77%         3
 Iskenderun's Mystic Bla  Conj/Tloc      0%         2d3       99%         4
 Manifold Assault         Tloc           0%         N/A       99%         4
 Starburst                Conj/Fire      0%         6d3       100%        6
 Ozocubu's Refrigeration  Ice            0%         4d7       100%        7
 Storm Form               Tmut/Air       0%         N/A       100%        7
 Summon Hydra             Summ           0%         N/A       100%        7


Dungeon Overview and Level Annotations

Branches:
Dungeon (7/15)             Temple (1/1) D:4

Altars:
Ashenzari
Cheibriados
Dithmenos
Fedhas
Gozag
Hepliaklqana
Nemelex Xobeh
Ru
Sif Muna
Uskayaw
Xom
Yredelemnul


Innate Abilities, Weirdness & Mutations

Your life essence is reduced to manifest your ancestor. (-10% HP)
You have a moderately thin skeletal structure. (Dex +4, Stealth++)
You regenerate a lot of health from kills.
You have a tail ending in a sharp stinger.


Message History

You are more poisoned.
Unknown command.
You feel extremely sick.
You feel extremely sick.
You feel very sick.
You feel very sick.
You feel very sick.
You see here a +0 whip.
You feel very sick.
You feel sick.
You feel sick.
You feel sick.
You feel much better.
You feel sick.
The gnoll sergeant completely misses you.
Reach: a) +1 trident (heavy)
Press: ? - help, Dir - move target, f/p - gnoll sergeant
Aim: a gnoll sergeant, wielding a +4 spear of venom and wearing a +0 scale mail (about 26% to evade your +1 heavy trident)
You reach to attack!
You hit the gnoll sergeant.
The gnoll sergeant is moderately wounded.
You feel sick.
The gnoll sergeant hits you but does no damage.
You are more poisoned.
Reach: a) +1 trident (heavy)
Press: ? - help, Dir - move target, f/p - gnoll sergeant
Aim: a gnoll sergeant, wielding a +4 spear of venom and wearing a +0 scale mail (moderately wounded, about 26% to evade your +1 heavy trident)
You reach to attack!
You puncture the gnoll sergeant!
The gnoll sergeant is heavily wounded.
You feel very sick. The gnoll sergeant barely misses you.
The gnoll sergeant hits you from afar with a +4 spear of venom!
You are lethally poisoned!
Reach: a) +1 trident (heavy)
Press: ? - help, Dir - move target, f/p - gnoll sergeant
Aim: a gnoll sergeant, wielding a +4 spear of venom and wearing a +0 scale mail (heavily wounded, about 26% to evade your +1 heavy trident)
You reach to attack!
You closely miss the gnoll sergeant.
The gnoll sergeant is heavily wounded.
* * * LOW HITPOINT WARNING * * *
You feel extremely sick.
The gnoll sergeant hits you from afar with a +4 spear of venom!
You die...

#.........§§§§§§§§........#
##.#######.§...._..........#
##..# #.))§§.......g# #..##
###§§§...§§§###
####.#########.##§§...§§##
..##.R.........###§..§§##
..#.....†......####...##
....#............##g).##
....+...........@.gg...+ #.
..###............####### #.
### #............# #....#.
##########...# #...... #####
#...... ######....♣. ######
#.........♣. #....#
#.........♣. #....#
#.........♣.


You could see a gnoll sergeant and 2 gnolls.

Vanquished Creatures
  Sigmund (D:2)
  A water moccasin (D:6)
  An orc warrior (D:6)
  3 black bears
  An ogre (D:5)
  A phantom (D:6)
  A kobold brigand (D:6)
  A bullfrog (D:7)
  A gnoll sergeant (D:7)
  5 scorpions
  A howler monkey (D:5)
  3 hounds
  An orc priest (D:6)
  2 jellies (D:6)
  An orc wizard (D:6)
  5 iguanas
  7 adders
  9 gnolls
  A shadow imp (D:5)
  4 white imps
  4 worms
  3 dart slugs
  7 orcs
  3 ball pythons
  6 bats
  2 endoplasms
  3 giant cockroaches
  7 goblins
  2 hobgoblins (D:1)
  4 jackals (D:5)
  3 quokkas
  6 frilled lizards
  10 kobolds
  8 rats
118 creatures vanquished.

Vanquished Creatures (collateral kills)
  A centaur (D:6)
  A jelly (D:6)
  An adder (D:6)
  An orc (D:6)
  A kobold (D:6)
5 creatures vanquished.

Vanquished Creatures (others)
  2 ancestors
2 creatures vanquished.

Grand Total: 125 creatures vanquished

Notes
Turn   | Place    | Note
-------+----------+-------------------------------------------
     0 | D:1      | Demosthentine the Demonspawn Gladiator began the quest for
                  | the Orb.
     0 | D:1      | Reached XP level 1. HP: 16/16 MP: 1/1
   169 | D:1      | Gained mutation: You have a somewhat thin skeletal
                  | structure. (Dex +2, Stealth+) [demonic ancestry]
   169 | D:1      | Reached XP level 2. HP: 22/22 MP: 2/2
   479 | D:1      | Found a faded altar of an unknown god.
   809 | D:2      | Reached skill level 1 in Armour
  1035 | D:2      | Gained mutation: You regenerate a little health from kills.
                  | [demonic ancestry]
  1035 | D:2      | Reached XP level 3. HP: 25/28 MP: 3/3
  1051 | D:2      | Noticed Sigmund
  1274 | D:2      | Killed Sigmund
  1275 | D:2      | Gained mutation: You regenerate health from kills. [demonic
                  | ancestry]
  1275 | D:2      | Reached XP level 4. HP: 32/35 MP: 4/4
  1275 | D:2      | Gained mutation: You have a small tail. [demonic ancestry]
  1275 | D:2      | Reached XP level 5. HP: 38/41 MP: 5/5
  2308 | D:4      | Gained mutation: You regenerate a lot of health from kills.
                  | [demonic ancestry]
  2308 | D:4      | Reached XP level 6. HP: 41/47 MP: 6/6
  2776 | D:4      | Found a staircase to the Ecumenical Temple.
  2864 | Temple   | Entered the Ecumenical Temple
  3063 | Temple   | Became a worshipper of Hepliaklqana the Forgotten
  3104 | D:5      | Entered Level 5 of the Dungeon
  3123 | D:5      | Gained mutation: You have a tail ending in a sharp stinger.
                  | [demonic ancestry]
  3123 | D:5      | Reached XP level 7. HP: 14/54 MP: 7/7
  3890 | D:5      | Reached skill level 5 in Polearms
  3896 | D:5      | Reached XP level 8. HP: 41/61 MP: 8/8
  4034 | D:6      | Reached skill level 5 in Fighting
  4034 | D:6      | Reached skill level 5 in Dodging
  4064 | D:6      | Reached * piety under Hepliaklqana
  4519 | D:6      | Found a blossoming altar of Fedhas.
  4982 | D:6      | Reached skill level 5 in Armour
  5763 | D:7      | Found a shadowy altar of Dithmenos.
  5770 | D:7      | Gained mutation: You have a moderately thin skeletal
                  | structure. (Dex +4, Stealth++) [demonic ancestry]
  5770 | D:7      | Reached XP level 9. HP: 60/62 MP: 9/9
  5822 | D:7      | Slain by a gnoll sergeant

Illustrated notes

Levels and vault maps discovered:
D:1:      lightli_arrival_statue_moat, layout_loops_ring,
          ebering_ecumenical_altar_mist
D:2:      layout_basic, uniq_sigmund
D:3:      layout_basic, serial_corexii_hall, chequers_hall_statues_corner_a,
          corexii_hall_statues_l, guppyfry_early_lair_pool
D:4:      layout_basic, minmay_temple_entry_tees
D:5:      layout_loops_corners, zin_academy, st_stairs_8
D:6:      layout_loops_corners, nicolae_overflow_hidden_temple,
          grunt_decor_mini_mirrors, mrwooster_statue_mirror
D:7:      layout_basic, nicolae_dithmenos_the_darkroom,
          mainiacjoe_overflow_boulevard
Temple:   minmay_temple_curvy_loop

Skill      XL: |  1  2  3  4  5  6  7  8 |
---------------+-------------------------+-----
Polearms       | 3 4 5 6 |  6.0
Armour         | 1 2 3 4 5 |  5.2
Dodging        | 3 4 6 |  6.0
Fighting       | 3 4 6 |  6.2
Throwing       | |  1.7

Action                     |  1- 3 |  4- 6 |  7- 9 || total
---------------------------+-------+-------+-------++-------
  Melee: Trident           |   104 |   108 |   191 ||   403
         Punch             |     1 |     2 |     5 ||     8
         Tailslap          |       |     9 |    20 ||    29
  Throw: Throwing net      |     1 |     1 |     1 ||     3
    Use: Scroll            |     2 |     9 |     7 ||    18
         Potion            |       |     2 |     2 ||     4
   Stab: Sleeping          |     8 |     8 |     7 ||    23
         Held in net/web   |     1 |     1 |     1 ||     3
 Armour: Leather armour    |    23 |    24 |    48 ||    95
  Dodge: Dodged            |    63 |    69 |   157 ||   289

Table legend: (Time is in decaauts)
 A = Elapsed time spent in this place.
 B = Non-inter-level travel time spent in this place.
 C = Inter-level travel time spent in this place.
 D = Time resting spent in this place.
 E = Time spent auto-exploring this place.
 F = Levels seen in this place.
 G = Mean time per level.
                   A        B        C        D        E       F      G
               +--------+--------+--------+--------+--------+-----+--------+
         Total |   5907 |   5791 |    116 |     33 |   4577 |   8 |  738.4 |
       Dungeon |   5677 |   5562 |    115 |     33 |   4389 |   7 |  811.0 |
        Temple |    229 |    229 |      0 |      0 |    188 |   1 |  229.0 |
               +--------+--------+--------+--------+--------+-----+--------+

Top non-repeatable levels by time:
     D:6: 1431 daAuts
     D:5: 932 daAuts
     D:3: 850 daAuts
     D:2: 729 daAuts
     D:1: 723 daAuts
     D:4: 598 daAuts
     D:7: 411 daAuts
  Temple: 229 daAuts
